 Dungeon Crawl Stone Soup version 0.28-a0-537-g3bccd9ccbf (webtiles) character file.

Game seed: 4219615514117805734

1453 meatgazer the Distorting Demonspawn (level 8, 0/64 HPs)
             Began as a Demonspawn Abyssal Knight on Sept 22, 2021.
             Was a Believer of Lugonu.
             Slain by a black bear (3 damage)
             ... on level 6 of the Dungeon on Sept 27, 2021.
             The game lasted 00:15:26 (7513 turns).

meatgazer the Distorting Demonspawn (DsAK)          Turns: 7513, Time: 00:15:27

Health: 0/64       AC:  9    Str: 16      XL:     8   Next: 47%
Magic:  14/15      EV: 11    Int: 11 (12) God:    Lugonu [**....]
Gold:   136        SH:  0    Dex: 13      Spells: 7/7 levels left

rFire   . . .      SeeInvis .   a - +3 spear
rCold   . . .      Faith    .   (no shield)
rNeg    . . .      Spirit   .   b - +1 leather armour
rPois   .          Reflect  .   (no helmet)
rElec   .          Harm     .   (no cloak)
rCorr   .          Rampage  .   c - +0 pair of gloves
Will    .....                   e - +1 pair of boots
Stlth   +.........              (no amulet)
HPRegen 0.20/turn               (no ring)
MPRegen 0.14/turn               (no ring)

@: on berserk cooldown, slowed, very slow
A: icy blue scales 1, spiny 2, deterioration 1
a: Renounce Religion, Depart the Abyss, Bend Space


You were on level 6 of the Dungeon.
You worshipped Lugonu.
Lugonu was pleased with you.
You visited 1 branch of the dungeon, and saw 6 of its levels.
You visited the Abyss 1 time.

You collected 136 gold pieces.

Inventory:

Hand Weapons
 a - a +3 spear (weapon)
Armour
 b - a +1 leather armour (worn)
 c - a +0 pair of gloves (worn)
 e - a +1 pair of boots (worn)
Wands
 g - a wand of flame (30)
Scrolls
 d - a scroll of teleportation


   Skills:
 + Level 6.2 Fighting
 + Level 5.0 Polearms
 - Level 2.0 Armour
 - Level 1.3 Dodging
 * Level 9.6 Invocations


You had 7 spell levels left.
You didn't know any spells.
Your spell library contained the following spells:

 Spells                   Type           Power      Damage    Failure   Level
 Shock                    Conj/Air       0%         1d3       41%         1
 Swiftness                Air            0%         N/A       78%         3
 Airstrike                Air            0%         N/A       99%         4


Dungeon Overview and Level Annotations

Branches:
Dungeon (6/15)
 Temple: D:4-7

Altars:
Ashenzari
Fedhas
Gozag
Nemelex Xobeh
Okawaru
Ru
Sif Muna
Zin

Annotations:
D:3 1 runed translucent door, Dittersdorf's ghost, amateur GrFi
D:5 1 runed translucent door, SkeletonJelly's ghost, novice TeCK


Innate Abilities, Weirdness & Mutations

You are partially covered in icy blue scales. (AC +2)
You are mostly covered in sharp spines.
Your body sometimes deteriorates upon taking damage.


Message History

The iguana is severely wounded.
You are no longer berserk.
You are exhausted.
You feel yourself slow down. Lugonu accepts your kill.
Reactivating autopickup.
You feel a bit more experienced. The black bear closely misses you.
The black bear claws you but does no damage.
The black bear completely misses you. The iguana is struck by your spines.
You kill the iguana!
Lugonu accepts your kill.
You closely miss the black bear.
The black bear is moderately wounded.
The black bear is struck by your spines.
The black bear bites you.
* * * LOW HITPOINT WARNING * * *
The black bear claws you but does no damage. x2
You hit the black bear.
The black bear is moderately wounded.
The black bear is struck by your spines.
The black bear bites you.
* * * LOW HITPOINT WARNING * * *
The black bear claws you but does no damage.
The black bear barely misses you. Space bends around you!
You blink.
Space bends around you!
You blink.
The black bear bites you.
* * * LOW HITPOINT WARNING * * *
The black bear barely misses you.
The black bear claws you but does no damage.
You hit the black bear.
The black bear is heavily wounded.
The black bear misses you. The black bear claws you.
* * * LOW HITPOINT WARNING * * *
The black bear closely misses you.
You barely miss the black bear.
The black bear is heavily wounded.
The black bear is struck by your spines.
The black bear bites you.
You die...

####### #.....#
#.....#
##.....##########
#.......h@.......
#......##########
########.....)##≈.♣
...)....>.....'.≈♣≈..
.......##...).).≈≈≈..
.......##.....###....
.......##.....# #..
.......##.....# .
.......##.....#


You could see a black bear.

Vanquished Creatures
  Grinder (D:5)
  Eustachio (D:5)
  A water moccasin (D:5)
  4 phantoms
  A water moccasin zombie (D:5)
  2 centaur skeletons (D:4)
  4 orc priests
  A hound (D:4)
  A jelly (D:5)
  Natasha (thrice) (D:4)
  3 iguanas
  2 orc wizards
  A hound zombie (D:2)
  4 adders
  3 gnolls (D:3)
  A shadow imp (D:6)
  An ufetubus (D:4)
  An adder zombie (D:2)
  2 adder skeletons
  4 worms (D:2)
  A dart slug (D:5)
  13 orcs
  6 endoplasms
  A giant cockroach (D:3)
  6 goblins
  8 hobgoblins
  5 quokkas
  4 ball pythons
  2 ball python skeletons (D:2)
  10 bats
  A giant cockroach zombie (D:2)
  A jackal skeleton (D:2)
  9 kobolds
  A quokka skeleton (D:2)
  3 rats
112 creatures vanquished.

Vanquished Creatures (others)
  6 plants
  2 withered plants (D:3)
8 creatures vanquished.

Grand Total: 120 creatures vanquished

Notes
Turn   | Place    | Note
-------+----------+-------------------------------------------
     0 | Abyss:1  | meatgazer the Demonspawn Abyssal Knight began the quest for
                  | the Orb.
     0 | Abyss:1  | Reached XP level 1. HP: 18/18 MP: 2/2
    81 | Abyss:2  | Noticed a small abomination
    92 | D:1      | Escaped the Abyss
   440 | D:1      | Reached * piety under Lugonu
   549 | D:2      | Gained mutation: You are partially covered in sharp spines.
                  | [demonic ancestry]
   549 | D:2      | Reached XP level 2. HP: 24/24 MP: 4/4
   619 | D:2      | Reached skill level 1 in Dodging
   849 | D:4      | Gained mutation: You are mostly covered in sharp spines.
                  | [demonic ancestry]
   849 | D:4      | Reached XP level 3. HP: 16/30 MP: 5/5
  1314 | D:1      | Reached skill level 3 in Invocations
  2383 | D:2      | Reached XP level 4. HP: 37/37 MP: 6/6
  2395 | D:2      | Gained mutation: Your body sometimes deteriorates upon
                  | taking damage. [potion of mutation]
  2478 | D:2      | Found an opulent altar of Gozag.
  2555 | D:2      | Found a faded altar of an unknown god.
  2854 | D:3      | Reached skill level 4 in Invocations
  3228 | D:3      | Reached ** piety under Lugonu
  3462 | D:4      | Noticed Natasha
  3467 | D:4      | Killed Natasha
  3468 | D:4      | Reached XP level 5. HP: 39/42 MP: 8/8
  3686 | D:5      | Entered Level 5 of the Dungeon
  3701 | D:5      | Reached skill level 5 in Invocations
  3864 | D:3      | Reached XP level 6. HP: 23/49 MP: 10/10
  3881 | D:3      | Upgraded the game from 0.28-a0-514-g0d7ab7f379 to
                  | 0.28-a0-537-g3bccd9ccbf
  4134 | D:3      | Found a runed translucent door.
  4134 | D:3      | Noticed Dittersdorf's ghost (amateur GrFi)
  4273 | D:3      | Found a sparkling altar of Nemelex Xobeh.
  4273 | D:3      | Found an iron altar of Okawaru.
  4461 | D:4      | Noticed Natasha
  4468 | D:4      | Killed Natasha
  4667 | D:4      | Noticed Natasha
  4669 | D:4      | Killed Natasha
  4670 | D:4      | Reached skill level 6 in Invocations
  5167 | D:5      | Noticed Eustachio
  5182 | D:5      | Killed Eustachio
  5183 | D:5      | Reached skill level 5 in Fighting
  5183 | D:5      | Reached skill level 7 in Invocations
  5183 | D:5      | Reached XP level 7. HP: 26/56 MP: 10/12
  5408 | D:5      | Found a sacrificial altar of Ru.
  5408 | D:5      | Found a blossoming altar of Fedhas.
  5562 | D:5      | Noticed Grinder
  5590 | D:5      | Paralysed by Grinder for 3 turns
  5595 | D:5      | Paralysed by Grinder for 4 turns
  5603 | D:5      | Killed Grinder
  5604 | D:5      | Reached skill level 8 in Invocations
  5997 | D:5      | Found a shimmering blue altar of Sif Muna.
  6339 | D:5      | Gained mutation: You are partially covered in icy blue
                  | scales. (AC +2) [demonic ancestry]
  6339 | D:5      | Reached XP level 8. HP: 56/64 MP: 14/14
  6499 | D:5      | Found a broken altar of Ashenzari.
  6517 | D:5      | Reached skill level 9 in Invocations
  6922 | D:5      | Found a runed translucent door.
  6925 | D:5      | Noticed SkeletonJelly's ghost (novice TeCK)
  7482 | D:6      | Identified the +2 leather armour of the Moneychanger {rPois
                  | Slay+4 Stlth-}
  7493 | D:6      | Reached skill level 5 in Polearms
  7511 | D:6      | HP: 3/64 [black bear (5)]
  7513 | D:6      | Slain by a black bear

Illustrated notes

Levels and vault maps discovered:
D:1:      mainiacjoe_arrival_reflecting_pool, layout_basic, hex_tiny,
          minmay_misc_feat_diagonals, serial_bayou_crossing
D:2:      layout_basic, serial_undead, serial_undead_b, serial_undead_a,
          serial_undead_d, serial_undead_d, serial_undead_c, serial_undead_d,
          basic_altar, hellmonk_ecumenical_altar_prayer_group, minivault_25
D:3:      layout_rooms, overflow_temple_1_default,
          gammafunk_temple_overflow_elements, gammafunk_ghost_grave,
          hangedman_decor_peaks_small
D:4:      layout_gridville, nicolae_ossuary_entry_monument,
          nicolae_zen_rock_garden, serial_park_tiny_pond, minmay_checkerbox,
          uniq_natasha
D:5:      layout_loops_corners, amethyst_overflow_temple_binary,
          ebering_ghost_reflecting_pool, minmay_tree_intersection,
          hangedman_feature_mirror, uniq_eustachio, uniq_grinder
D:6:      layout_basic, serial_glass, glass_columns_a, glass_columns_c,
          glass_columns_a, glass_columns_a, serial_bayou_pond_d

Skill      XL: |  1  2  3  4  5  6  7  8 |
---------------+-------------------------+-----
Dodging        | 1 |  1.3
Armour         | 2 |  2.0
Polearms       | 2 3 4 5 |  5.0
Invocations    | 3 4 5 7 8 9 |  9.6
Fighting       | 4 5 6 |  6.2

Action                   |  1- 3 |  4- 6 |  7- 9 || total
-------------------------+-------+-------+-------++-------
Melee: Spear             |   104 |   147 |   141 ||   392
Invok: Depart the Abyss  |     1 |       |       ||     1
       Bend Space        |       |       |     2 ||     2
  Use: Scroll            |     7 |     4 |     2 ||    13
       Potion            |     3 |     1 |     3 ||     7
 Stab: Sleeping          |       |     2 |     1 ||     3
Armor: Leather armour    |    14 |    28 |    35 ||    77
Dodge: Dodged            |    42 |    53 |    50 ||   145

Table legend: (Time is in decaauts)
 A = Elapsed time spent in this place.
 B = Non-inter-level travel time spent in this place.
 C = Inter-level travel time spent in this place.
 D = Time resting spent in this place.
 E = Time spent auto-exploring this place.
 F = Levels seen in this place.
 G = Mean time per level.
                   A        B        C        D        E       F      G
               +--------+--------+--------+--------+--------+-----+--------+
         Total |   7521 |   7204 |    317 |   2150 |   4233 |   8 |  940.1 |
       Dungeon |   7428 |   7111 |    317 |   2150 |   4168 |   6 | 1238.0 |
         Abyss |     92 |     92 |      0 |      0 |     65 |   2 |   46.0 |
               +--------+--------+--------+--------+--------+-----+--------+

Top non-repeatable levels by time:
     D:5: 1945 daAuts
     D:2: 1786 daAuts
     D:4: 1337 daAuts
     D:3: 1047 daAuts
     D:1: 857 daAuts
     D:6: 454 daAuts
 Abyss:1: 60 daAuts
 Abyss:2: 32 daAuts
